 Dungeon Sprint DCSS version 0.30-a0-702-gdf48620a09 (webtiles) character file.

Game seed: 494931114352824311

1707 rocky1 the Nimble (level 16, 0/124 (127) HPs)
             Began as a Gnoll Gladiator on Jan 22, 2023.
             Was an Initiate of Gozag.
             Slain by an eldritch tentacle (8 damage)
             ... called by a dimme
             ... in the Dungeon (Sprint VI: "Thunderdome").
             The game lasted 00:19:11 (1456 turns).

rocky1 the Nimble (Gnoll Gladiator)                 Turns: 1456, Time: 00:19:11

HP:   0/124 (127)   AC: 11    Str: 14    XL:     16   Next: 41%
MP:   28/31         EV: 26    Int:  9    God:    Gozag
Gold: 1171          SH: 14    Dex: 33    Spells: 37/37 levels left

rFire   + . .      SeeInvis .    a - +0 demon blade
rCold   + + +      Faith    .    y - +5 buckler "Jephohet" {rPois rN+}
rNeg    + . .      Spirit   .    z - +0 leather armour
rPois   +          Reflect  .    u - +1 helmet of Voamid {rElec}
rElec   +          Harm     .    (no cloak)
rCorr   +          Rampage  .    (no gloves)
Will    +....      NoTele   +    (no boots)
Stlth   ++++++++                 p - amulet of the Dozen Ships {rC+ Regen+ Dex+2 Stlth+}
HPRegen 1.20/turn                n - ring of the Lobster {Dex+6 Stlth+}
MPRegen 0.22/turn                v - ring of Sosus {rC+ AC+4 Dex+5}

@: resistant, mesmerised, hasted, lightly drained, very quick
A: fangs 1, strong nose, distributed training
}: 1/15 runes: serpentine
a: Renounce Religion, Potion Petition, Call Merchant, Bribe Branch


You were in the Dungeon.
You worshipped Gozag.
Gozag was most pleased with you.
You visited 1 branch You collected 6135 gold pieces.
You spent 4964 gold pieces at shops.

Inventory:

Hand Weapons
 a - a +0 demon blade (weapon)
 b - a +0 hand crossbow
 r - a +0 dagger of speed
 A - a +0 long sword
Missiles
 d - 3 throwing nets
 e - a javelin
 m - 5 poisoned darts (quivered)
 s - 3 curare-tipped darts
Armour
 c - a +0 helmet
 t - the +1 cloak "Bitog" {+Inv rF- Str+4 Dex+4}
   (You bought it in a shop in the Dungeon)

   Str:       It affects your strength (+4).
   Dex:       It affects your dexterity (+4).
   rF:        It makes you vulnerable to fire.
   +Inv:      It lets you turn invisible.
 u - the +1 helmet of Voamid (worn) {rElec}
   (You bought it in a shop in the Dungeon)

   rElec:     It insulates you from electricity.
 y - the +5 buckler "Jephohet" (worn) {rPois rN+}
   (You acquired it in the Dungeon)

   rPois:     It protects you from poison.
   rN:        It protects you from negative energy.
 z - a +0 leather armour (worn)
Jewellery
 j - the amulet of Cudustag {Acrobat Harm rN+ MP-9 Int+3}
   (You bought it in a shop in the Dungeon)

   [amulet of the acrobat]

   It increases your evasion while moving and waiting.
   Int:       It affects your intelligence (+3).
   rN:        It protects you from negative energy.
   MP:        It affects your magic capacity (-9).
   Harm:      It increases damage dealt and taken.
 n - the ring of the Lobster (left hand) {Dex+6 Stlth+}
   (You bought it in a shop in the Dungeon)

   [ring of dexterity]

   Dex:       It affects your dexterity (+6).
   Stlth:     It makes you more stealthy.
 p - the amulet of the Dozen Ships (around neck) {rC+ Regen+ Dex+2 Stlth+}
   (You bought it in a shop in the Dungeon)

   [amulet of regeneration]

   Dex:       It affects your dexterity (+2).
   rC:        It protects you from cold.
   Regen:     It increases your rate of health regeneration.
   Stlth:     It makes you more stealthy.
 q - the ring of Nudion {*Slow rPois MP+9 Int+4 Dex+8}
   (You bought it in a shop in the Dungeon)

   [ring of magical power]

   Int:       It affects your intelligence (+4).
   Dex:       It affects your dexterity (+8).
   rPois:     It protects you from poison.
   MP:        It affects your magic capacity (+9).
   *Slow:     It may slow you when you take damage.
 v - the ring of Sosus (right hand) {rC+ AC+4 Dex+5}
   (You bought it in a shop in the Dungeon)

   [ring of protection]

   AC:        It affects your AC (+4).
   Dex:       It affects your dexterity (+5).
   rC:        It protects you from cold.
 w - the ring of Widurett {rF+ Str+3 Dex+5}
   (You bought it in a shop in the Dungeon)

   [ring of protection from fire]

   Str:       It affects your strength (+3).
   Dex:       It affects your dexterity (+5).
   rF:        It protects you from fire.
Scrolls
 k - 3 scrolls of blinking
 o - 2 scrolls of fog
 x - a scroll of enchant armour
Potions
 f - 7 potions of curing
 g - 4 potions of heal wounds
 h - 2 potions of haste
 i - 2 potions of magic


   Skills:
 + Level 11.8 Fighting
 + Level 11.0 Short Blades
 + Level 12.7 Long Blades
 + Level 11.0 Axes
 + Level 11.0 Maces & Flails
 + Level 11.0 Polearms
 + Level 11.0 Staves
 + Level 11.0 Ranged Weapons
 + Level 11.8 Throwing
 + Level 11.0 Armour
 + Level 12.7 Dodging
 + Level 11.0 Stealth
 + Level 11.0 Shields
 + Level 11.0 Unarmed Combat
 + Level 11.0 Spellcasting
 + Level 9.2 Conjurations
 + Level 9.2 Hexes
 + Level 9.2 Summonings
 + Level 9.2 Necromancy
 + Level 9.2 Translocations
 + Level 9.2 Transmutations
 + Level 9.2 Fire Magic
 + Level 9.2 Ice Magic
 + Level 9.2 Air Magic
 + Level 9.2 Earth Magic
 + Level 9.2 Poison Magic
 + Level 11.9 Invocations
 + Level 11.0 Evocations


You had 37 spell levels left.
You didn't know any spells.
Your spell library was empty.

Dungeon Overview and Level Annotations

Branches:
Dungeon (1/1)

Altars:
Cheibriados
Dithmenos
Fedhas
Gozag
Kikubaaqudgha
Makhleb
Okawaru
Qazlal
Ru
Sif Muna
Trog
Uskayaw
Vehumet
Wu Jian
Xom
Yredelemnul
Zin
The Shining One
Lugonu

Shops:
D *[??*?*:[((!!!!


Innate Abilities, Weirdness & Mutations

You have very sharp teeth.
Your uncanny sense of smell can sniff out nearby items.
Your experience applies equally to all skills.


Message History

* * * LOW HITPOINT WARNING * * *
You are engulfed in flames!
You resist.
* * * LOW HITPOINT WARNING * * *
Blink to where?
Press: ? - help, Dir - move target You cannot blink away from the dimme!
Blink to where?
Press: ? - help, Dir - move target
Okay, then.
You feel much better. You block the snapping turtle's attack.
The eldritch tentacle closely misses you.
You block the eldritch tentacle's attack.
The dimme chants its luring song.
You feel much better. The snapping turtle barely misses you.
You block the eldritch tentacle's attack.
The eldritch tentacle misses you.
The dimme chants its luring song.
You slash the dimme! You bite the dimme, but do no damage.
The dimme is heavily wounded.
You block the snapping turtle's attack.
The eldritch tentacle completely misses you.
The eldritch tentacle claws you.
The dimme chants its luring song.
You barely miss the dimme.
The dimme is heavily wounded.
You feel yourself speed up. The eldritch tentacle misses you.
The eldritch tentacle claws you!
You are engulfed in flames!
You resist.
* * * LOW HITPOINT WARNING * * *
The snapping turtle completely misses you.
You closely miss the dimme.
The dimme is heavily wounded.
The dimme chants its luring song.
You slice the dimme!! Your bite misses the dimme.
The dimme is heavily wounded.
The eldritch tentacle slaps you!!
* * * LOW HITPOINT WARNING * * *
You are engulfed in flames!
You resist.
You die...
Your body crumbles into a pile of gold.

##### ##⌠⌠⌠## #.....# ##.....##
##∩.....∩## #∩.......∩#
#_.§§§─*§_# #_.§§wm§._#
#..§§@§§._# ###..§§§§t..###
#⌠...§§§§....⌠#
######.8.........8.######
##.___......###......___∩##
###∩........8.# #.8........∩###
##.............###.............##
#⌠..((......###...###...[......⌠#
#)[.........# #.<.# #..[.......⌠#


You could see an eldritch tentacle, a dimme (mesmerising) and a snapping turtle.

Vanquished Creatures
  Aizul (D)
  2 swamp dragons (D)
  A kobold demonologist (D)
  4 guardian mummies (D)
  3 tyrant leeches (D)
  A wind drake (D)
  Sigmund (D)
  An air elemental (D)
  3 steam dragons (D)
  3 acid dragons (D)
  A swamp drake (D)
  2 sky beasts (D)
  4 kobold brigands (D)
  A necrophage (D)
  Jessica (D)
  Terence (D)
  4 mummies (D)
  2 adder skeletons (D)
  4 worms (D)
  A bat skeleton (D)
  An endoplasm (D)
  A ball python (D)
  A giant cockroach zombie (D)
  7 kobolds (D)
51 creatures vanquished.

Vanquished Creatures (others)
  A kobold (D)
1 creature vanquished.

Grand Total: 52 creatures vanquished

Notes
Turn   | Place    | Note
-------+----------+-------------------------------------------
     0 | D        | rocky1 the Gnoll Gladiator began the quest for the Orb.
     0 | D        | Reached XP level 1. HP: 20/20 MP: 1/1
     3 | D        | Found a basalt altar of Yredelemnul.
     4 | D        | Found a burning altar of Makhleb.
     4 | D        | Found a corrupted altar of Lugonu.
     5 | D        | Found a blossoming altar of Fedhas.
     5 | D        | Round 1.
     6 | D        | Found a radiant altar of Vehumet.
     6 | D        | Found a stormy altar of Qazlal.
     6 | D        | Found Reirhol's Identification Station.
     7 | D        | Found a shimmering blue altar of Sif Muna.
     8 | D        | Found a glowing silver altar of Zin.
     8 | D        | Found a sacrificial altar of Ru.
     8 | D        | Found a shadowy altar of Dithmenos.
     8 | D        | Found Suzusos's Magic Scroll Shop.
     8 | D        | Found Okamapsack's Staff Store.
     9 | D        | Found Taqe's Magic Scroll Shop.
     9 | D        | Found Batz's Must-Have Magic.
    12 | D        | Found a shimmering altar of Xom.
    13 | D        | Found a glowing golden altar of the Shining One.
    14 | D        | Found an ancient bone altar of Kikubaaqudgha.
    15 | D        | Found Xachi's Distillery.
    15 | D        | Found an iron altar of Okawaru.
    15 | D        | Found a snail-covered altar of Cheibriados.
    15 | D        | Found Cikeqazud's Do-It-Yourself Clinic.
    16 | D        | Found Wyepleo's Distillery.
    16 | D        | Found Kupy's Bottled Wisdom.
    20 | D        | Found a hide-covered altar of Uskayaw.
    21 | D        | Found an opulent altar of Gozag.
    22 | D        | Found a bloodstained altar of Trog.
    22 | D        | Found an ornate altar of the Wu Jian Council.
    22 | D        | Found Yrriqu's Weapon Rack.
    22 | D        | Found Ymuw's Premium Goods.
    23 | D        | Found Qawenn's Basic Armour.
    23 | D        | Found Fol Weur's Miscellaneous Merchandise.
    30 | D        | Became a worshipper of Gozag Ym Sagoz the Greedy
    82 | D        | Found Puimaik's Jewellery.
    82 | D        | Found Joutsum's Advanced Armour.
   135 | D        | Noticed Sigmund
   137 | D        | Noticed Terence
   137 | D        | Noticed Jessica
   139 | D        | Killed Sigmund
   140 | D        | Reached skill level 5 in Fighting
   140 | D        | Reached skill level 5 in Throwing
   140 | D        | Reached XP level 2. HP: 28/28 MP: 1/6
   140 | D        | Reached XP level 3. HP: 34/34 MP: 1/8
   140 | D        | Reached XP level 4. HP: 40/40 MP: 1/9
   140 | D        | Reached XP level 5. HP: 46/46 MP: 1/10
   142 | D        | Killed Terence
   143 | D        | Killed Jessica
   143 | D        | Arena points: 12 (+12) [x2]
   170 | D        | Bought a potion of experience for 300 gold pieces
   170 | D        | Reached skill level 5 in Short Blades
   170 | D        | Reached skill level 5 in Axes
   170 | D        | Reached skill level 5 in Maces & Flails
   170 | D        | Reached skill level 5 in Polearms
   170 | D        | Reached skill level 5 in Staves
   170 | D        | Reached skill level 5 in Ranged Weapons
   170 | D        | Reached skill level 5 in Armour
   170 | D        | Reached skill level 5 in Stealth
   170 | D        | Reached skill level 5 in Shields
   170 | D        | Reached skill level 5 in Unarmed Combat
   170 | D        | Reached skill level 5 in Spellcasting
   170 | D        | Reached skill level 5 in Evocations
   170 | D        | Reached XP level 6. HP: 55/55 MP: 4/14
   205 | D        | Round 2.
   222 | D        | Reached XP level 7. HP: 34/60 MP: 11/15
   315 | D        | Arena points: 48 (+36) [x3]
   340 | D        | Bought a steaming golden ring for 45 gold pieces
   340 | D        | Identified the ring of the Lobster {Dex+6 Stlth+} (You
                  | bought it in a shop in the Dungeon)
   340 | D        | Bought a fine emerald amulet for 45 gold pieces
   340 | D        | Identified the amulet of the Dozen Ships {rC+ Regen+ Dex+2
                  | Stlth+} (You bought it in a shop in the Dungeon)
   340 | D        | Bought a scintillating golden ring for 45 gold pieces
   340 | D        | Identified the ring of Nudion {*Slow rPois MP+9 Int+4
                  | Dex+8} (You bought it in a shop in the Dungeon)
   355 | D        | Round 3.
   470 | D        | Arena points: 132 (+84) [x4]
   536 | D        | Round 4.
   593 | D        | Reached skill level 5 in Conjurations
   593 | D        | Reached skill level 5 in Hexes
   593 | D        | Reached skill level 5 in Summonings
   593 | D        | Reached skill level 5 in Necromancy
   593 | D        | Reached skill level 5 in Translocations
   593 | D        | Reached skill level 5 in Transmutations
   593 | D        | Reached skill level 5 in Fire Magic
   593 | D        | Reached skill level 5 in Ice Magic
   593 | D        | Reached skill level 5 in Air Magic
   593 | D        | Reached skill level 5 in Earth Magic
   593 | D        | Reached skill level 5 in Poison Magic
   643 | D        | Bought an ancient cloak for 332 gold pieces
   643 | D        | Identified the +1 cloak "Bitog" {+Inv rF- Str+4 Dex+4} (You
                  | bought it in a shop in the Dungeon)
   643 | D        | Bought a masterwork helmet for 332 gold pieces
   643 | D        | Identified the +1 helmet of Voamid {rElec} (You bought it
                  | in a shop in the Dungeon)
   651 | D        | Noticed a kobold demonologist
   659 | D        | Noticed a chaos spawn
   665 | D        | Noticed an ice devil
   669 | D        | Killed a kobold demonologist
   670 | D        | Reached XP level 8. HP: 33/68 MP: 17/17
   718 | D        | Arena points: 164 (+32) [x1]
   731 | D        | Bought 4 potions of curing for 84 gold pieces
   731 | D        | Bought 3 potions of heal wounds for 105 gold pieces
   733 | D        | Round 5.
   734 | D        | Noticed Aizul
   734 | D        | Noticed a naga warrior
   777 | D        | Killed Aizul
   777 | D        | Arena points: 284 (+120) [x3]
   778 | D        | Got a serpentine rune of Zot
   779 | D        | Reached skill level 10 in Long Blades
   779 | D        | Reached skill level 10 in Dodging
   779 | D        | Reached XP level 9. HP: 44/76 MP: 20/20
   850 | D        | Bought a potion of experience for 300 gold pieces
   850 | D        | Reached XP level 10. HP: 83/83 MP: 22/22
   898 | D        | Bought a scintillating pewter amulet for 45 gold pieces
   898 | D        | Identified the amulet of Cudustag {Acrobat Harm rN+ MP-9
                  | Int+3} (You bought it in a shop in the Dungeon)
   898 | D        | Bought a steaming jade ring for 45 gold pieces
   898 | D        | Identified the ring of Sosus {rC+ AC+4 Dex+5} (You bought
                  | it in a shop in the Dungeon)
   898 | D        | Bought a vibrating marble ring for 45 gold pieces
   898 | D        | Identified the ring of Widurett {rF+ Str+3 Dex+5} (You
                  | bought it in a shop in the Dungeon)
   962 | D        | Round 6.
  1010 | D        | Reached XP level 11. HP: 68/90 MP: 23/23
  1019 | D        | Arena points: 428 (+144) [x4]
  1034 | D        | Round 7.
  1059 | D        | Bought a scroll of enchant armour for 112 gold pieces
  1059 | D        | Bought a scroll of acquirement for 780 gold pieces
  1059 | D        | Acquired the +5 buckler "Jephohet" {rPois rN+}
  1135 | D        | Reached skill level 10 in Fighting
  1135 | D        | Reached skill level 10 in Throwing
  1169 | D        | Arena points: 708 (+280) [x5]
  1198 | D        | Round 8.
  1202 | D        | Bought a +0 hand crossbow for 105 gold pieces
  1202 | D        | Bought a +0 demon blade for 450 gold pieces
  1234 | D        | Noticed a swamp dragon
  1257 | D        | Reached skill level 10 in Invocations
  1273 | D        | Noticed a swamp dragon
  1277 | D        | Killed a swamp dragon
  1287 | D        | Killed a swamp dragon
  1287 | D        | Arena points: 1140 (+432) [x6]
  1331 | D        | Round 9.
  1337 | D        | Bought 4 potions of curing for 84 gold pieces
  1337 | D        | Bought 3 potions of heal wounds for 105 gold pieces
  1337 | D        | Bought 3 potions of heal wounds for 105 gold pieces
  1338 | D        | Bought 3 potions of experience for 900 gold pieces
  1338 | D        | Bought 2 potions of experience for 600 gold pieces
  1338 | D        | Reached XP level 12. HP: 99/99 MP: 25/25
  1339 | D        | Reached skill level 10 in Short Blades
  1339 | D        | Reached skill level 10 in Axes
  1339 | D        | Reached skill level 10 in Maces & Flails
  1339 | D        | Reached skill level 10 in Polearms
  1339 | D        | Reached skill level 10 in Staves
  1339 | D        | Reached skill level 10 in Ranged Weapons
  1339 | D        | Reached skill level 10 in Armour
  1339 | D        | Reached skill level 10 in Stealth
  1339 | D        | Reached skill level 10 in Shields
  1339 | D        | Reached skill level 10 in Unarmed Combat
  1339 | D        | Reached skill level 10 in Spellcasting
  1339 | D        | Reached skill level 10 in Evocations
  1339 | D        | Reached XP level 13. HP: 106/106 MP: 25/27
  1340 | D        | Reached XP level 14. HP: 113/113 MP: 25/28
  1341 | D        | Reached XP level 15. HP: 119/119 MP: 25/29
  1342 | D        | Reached XP level 16. HP: 127/127 MP: 25/30
  1407 | D        | Arena points: 1707 (+567) [x7]
  1422 | D        | Round 10.
  1450 | D        | HP: 4/124 [eldritch tentacle[a dimme] (11)]
  1456 | D        | Slain by an eldritch tentacle

Illustrated notes

Levels and vault maps discovered:
D:        arena_sprint

Skill      XL: |  1  2  3  4  5  6  7  8  9 10 11 12 13 14 15 16 |
---------------+-------------------------------------------------+-----
Fighting       | 5 7 8 9 10 11 | 11.8
Short Blades   | 3 5 6 7 8 9 10 11 | 11.0
Long Blades    | 7 8 9 10 11 12 | 12.7
Axes           | 3 5 6 7 8 9 10 11 | 11.0
Maces & Flails | 3 5 6 7 8 9 10 11 | 11.0
Polearms       | 3 5 6 7 8 9 10 11 | 11.0
Staves         | 3 5 6 7 8 9 10 11 | 11.0
Ranged Weapons | 3 5 6 7 8 9 10 11 | 11.0
Throwing       | 5 7 8 9 10 11 | 11.8
Armour         | 3 5 6 7 8 9 10 11 | 11.0
Dodging        | 7 8 9 10 11 12 | 12.7
Stealth        | 3 5 6 7 8 9 10 11 | 11.0
Shields        | 3 5 6 7 8 9 10 11 | 11.0
Unarmed Combat | 3 5 6 7 8 9 10 11 | 11.0
Spellcasting   | 3 5 6 7 8 9 10 11 | 11.0
Conjurations   | 3 4 5 6 7 8 9 |  9.2
Hexes          | 3 4 5 6 7 8 9 |  9.2
Summonings     | 3 4 5 6 7 8 9 |  9.2
Necromancy     | 3 4 5 6 7 8 9 |  9.2
Translocations | 3 4 5 6 7 8 9 |  9.2
Transmutations | 3 4 5 6 7 8 9 |  9.2
Fire Magic     | 3 4 5 6 7 8 9 |  9.2
Ice Magic      | 3 4 5 6 7 8 9 |  9.2
Air Magic      | 3 4 5 6 7 8 9 |  9.2
Earth Magic    | 3 4 5 6 7 8 9 |  9.2
Poison Magic   | 3 4 5 6 7 8 9 |  9.2
Invocations    | 4 6 7 8 9 10 11 | 11.9
Evocations     | 3 5 6 7 8 9 10 11 | 11.0

Action                   |  1- 3 |  4- 6 |  7- 9 | 10-12 | 13-15 | 16-18 || total
-------------------------+-------+-------+-------+-------+-------+-------++-------
Melee: Long sword        |     3 |    11 |    76 |    85 |       |       ||   175
       Bite              |       |       |    12 |    25 |       |    11 ||    48
       Dagger            |       |       |     1 |       |       |       ||     1
       Demon blade       |       |       |       |    50 |       |    48 ||    98
       Punch             |       |       |       |     1 |       |       ||     1
Throw: Dart              |       |       |       |     4 |       |       ||     4
Evoke: Wand              |     3 |     4 |     3 |       |       |       ||    10
  Use: Potion            |       |     1 |     8 |     7 |     3 |     5 ||    24
       Scroll            |       |       |       |     2 |       |     1 ||     3
 Stab: Distracted        |       |       |       |     1 |       |       ||     1
Armor: Leather armour    |       |     1 |    12 |     7 |       |     2 ||    22
Dodge: Dodged            |     7 |     4 |    95 |    93 |       |    32 ||   231
Block: Buckler           |       |       |       |    67 |       |    17 ||    84

Table legend: (Time is in decaauts)
 A = Elapsed time spent in this place.
 B = Non-inter-level travel time spent in this place.
 C = Inter-level travel time spent in this place.
 D = Time resting spent in this place.
 E = Time spent auto-exploring this place.
 F = Levels seen in this place.
 G = Mean time per level.
                   A        B        C        D        E       F      G
               +--------+--------+--------+--------+--------+-----+--------+
         Total |   1401 |   1377 |     24 |    214 |     16 |   1 | 1401.0 |
       Dungeon |   1401 |   1377 |     24 |    214 |     16 |   1 | 1401.0 |
               +--------+--------+--------+--------+--------+-----+--------+

Top non-repeatable levels by time:
       D: 1401 daAuts
